 Dungeon Crawl Stone Soup version 0.27.1-33-g824d729ab1 (webtiles) character file.

Game seed: 5381814916234667189

4 potato4science the Sneak (level 1, -3/9 HPs)
             Began as a Spriggan Enchanter on Dec 15, 2021.
             Slain by a goblin (4 damage)
             ... on level 1 of the Dungeon.
             The game lasted 00:08:03 (1338 turns).

potato4science the Sneak (Spriggan Enchanter)       Turns: 1338, Time: 00:08:04

Health: -3/9       AC:  2    Str:  4    XL:     1   Next: 50%
Magic:  3/5        EV: 17    Int: 16    God:
Gold:   39         SH:  0    Dex: 15    Spells: 4/5 levels left

rFire    . . .     SeeInvis +   a - +1 dagger
rCold    . . .     Faith    .   (shield restricted)
rNeg     . . .     Spirit   .   b - +0 robe
rPois    .         Reflect  .   (helmet restricted)
rElec    .         Harm     .   (no cloak)
rCorr    .         Rampage  .   (gloves unavailable)
Will     .....                  (boots unavailable)
Stlth    +++.......             (no amulet)
HPRegen  0.03/turn              (no ring)
MPRegen  0.09/turn              (no ring)

@: very quick
A: very small, no large weapons, unfitting armour, see invisible, speed 3
a: no special abilities


You were on level 1 of the Dungeon.
You visited 1 branch of the dungeon, and saw 1 of its levels.

You collected 39 gold pieces.

Inventory:

Hand Weapons
 a - a +1 dagger (weapon)
Armour
 b - a +0 robe (worn)
Scrolls
 c - a scroll of identify {unknown}
Potions
 d - a potion of attraction {unknown}


   Skills:
 + Level 0.8 Fighting
 - Level 1.1 Short Blades
 - Level 2.6 Dodging
 - Level 4.4 Stealth
 - Level 2.6 Spellcasting
 - Level 3.6 Hexes


You had 4 spell levels left.
You knew the following spells:

 Your Spells              Type           Power      Damage    Failure   Level
a - Corona                Hex            14%        N/A       4%          1

Your spell library contained the following spells:

 Spells                   Type           Power      Damage    Failure   Level
 Confusing Touch          Hex            13%        N/A       13%         3
 Tukima's Dance           Hex            13%        N/A       13%         3
 Ensorcelled Hibernation  Hex/Ice        14%        N/A       14%         2
 Dazzling Flash           Conj/Hex       14%        N/A       28%         3


Dungeon Overview and Level Annotations

Branches:
Dungeon (1/15)

Altars:


Innate Abilities, Weirdness & Mutations

You are very small and have problems with some larger weapons.
You are too small for most types of armour.
You have supernaturally acute eyesight. (SInv)
You cover ground extremely quickly. (Speed+++)


Message History

There is a large open door here.
There is an open door here.
There is a staircase leading out of the dungeon, spattered with blood here.
You start resting.
HP restored.
There is an open door here.
There is a large open door here.
There is an open gate here.
There is an open gate here.
The goblin shouts!
You closely miss the goblin. The goblin hits you with a +0 club.
You hit the goblin but do no damage. The goblin misses you.
You hit the goblin but do no damage. The goblin misses you.
You hit the goblin but do no damage. The goblin completely misses you.
You closely miss the goblin. The goblin barely misses you.
You hit the goblin but do no damage. The goblin hits you but does no damage.
You hit the goblin but do no damage. The goblin closely misses you.
You closely miss the goblin. The goblin closely misses you.
You hit the goblin but do no damage. The goblin hits you with a +0 club.
You hit the goblin but do no damage. The goblin hits you with a +0 club.
* * * LOW HITPOINT WARNING * * *
Casting: Corona (safe; 4% risk of failure)
Confirm with . or Enter, or press ? or * to list all spells.
Aiming: Corona (safe; 4% risk of failure)
Press: ? - help, Shift-Dir - straight line, f - goblin
Aim: a goblin, wielding a +0 club and wearing a +0 chain mail (chance to affect: 67%)
The goblin barely resists.
The goblin closely misses you.
You closely miss the goblin. The goblin closely misses you.
Casting: Corona (safe; 4% risk of failure)
Confirm with . or Enter, or press ? or * to list all spells.
Aiming: Corona (safe; 4% risk of failure)
Press: ? - help, Shift-Dir - straight line, f/p - goblin
Aim: a goblin, wielding a +0 club and wearing a +0 chain mail (chance to affect: 67%)
The goblin is outlined in light.
The goblin misses you.
You barely miss the goblin. The goblin hits you with a +0 club.
* * * LOW HITPOINT WARNING * * *
You hit the goblin but do no damage. The goblin closely misses you.
You hit the goblin but do no damage. The goblin barely misses you.
You hit the goblin but do no damage. The goblin hits you with a +0 club.
You die...

#........########'''#
########..'.........#
##.'.........#
#.'.........#
##############...#
#......'.....#...#
#......'.....#...#
#......'.g...#...#
#...######@..#...#
#...#..'<#...#...#
#...#..###'''#'''#
#'''#''##....#...#
#.g.#...'....#...#
#...#...'....#...#
#...#...'....#...#
#...##########...#
#.......'........#


You could see a goblin (corona).

Vanquished Creatures
  3 jackals (D:1)
3 creatures vanquished.

Vanquished Creatures (others)
  14 plants (D:1)
14 creatures vanquished.

Grand Total: 17 creatures vanquished

Notes
Turn   | Place    | Note
-------+----------+-------------------------------------------
     0 | D:1      | potato4science the Spriggan Enchanter began the quest for
                  | the Orb.
     0 | D:1      | Reached XP level 1. HP: 9/9 MP: 5/5
  1338 | D:1      | Slain by a goblin

Illustrated notes

Levels and vault maps discovered:
D:1:      minmay_arrival_widening_spiral_wide, layout_rooms,
          dilly_ecumenical_altar_fadedgnrine, minmay_misc_feat_pillars

Action                   || total
-------------------------++-------
Melee: Dagger            ||    51
 Cast: Corona            ||     4
Armor: Robe              ||     5
Dodge: Dodged            ||    39
